 Dungeon Crawl Stone Soup version 0.24.1-8-ga250c9d538 (webtiles) character file.

Game seed: 7739256013597087329, levelgen mode: deterministic

17062 Peloso the Carver (level 12, -1/94 HPs)
             Began as a Demonspawn Fighter on May 1, 2020.
             Was a High Priest of Okawaru.
             Slain by a seven-headed hydra (9 damage)
             ... in a Gauntlet.
             The game lasted 00:36:37 (12739 turns).

Peloso the Carver (Demonspawn Fighter)             Turns: 12739, Time: 00:36:39

Health: -1/94      AC: 22    Str: 25    XL:     12   Next: 15%
Magic:  0/4        EV: 15    Int: 10    God:    Okawaru [*****.]
Gold:   618        SH: 12    Dex: 18    Spells: 11/11 levels left

rFire    + + .     SeeInvis .   b - +1 long sword of Daess {antimagic, Stlth+}
rCold    . . .     Gourm    .   c - +0 shield
rNeg     . . .     Faith    .   F - +2 chain mail {rF+}
rPois    .         Spirit   +   C - +1 hat
rElec    .         Reflect  .   (no cloak)
rCorr    .         Harm     .   v - +0 pair of gloves
MR       .....     NoTele   +   T - +2 pair of boots
Stlth    ++........             e - amulet of regeneration
HPRegen  0.65/turn              p - +4 ring of strength
MPRegen  0.18/turn              t - ring of flight

@: agile, hasted and slowed
A: horns 1, molten scales 3, demonic guardian 1, magic shield, magic
regeneration
a: Heroism, Finesse, Renounce Religion, Evoke Flight


You were in a Gauntlet.
You worshipped Okawaru.
Okawaru was extremely pleased with you.
You were near starving.

You visited 3 branches of the dungeon, and saw 15 of its levels.
You also visited: Gauntlet.

You collected 618 gold pieces.

Inventory:

Hand Weapons
 a - a +1 scimitar of protection
 b - the +1 long sword of Daess (weapon) {antimagic, Stlth+}
   (You found it on level 8 of the Dungeon)

   It reduces the magical energy of the wielder, and disrupts the spells and
   magical abilities of those hit.
   Natural abilities and divine invocations are not affected.
   It makes you more stealthy.
Armour
 c - a +0 shield (worn)
 j - a +0 scale mail
 s - a +0 chain mail
 v - a +0 pair of gloves (worn)
 w - a +0 plate armour
 C - a +1 hat (worn)
 F - a +2 chain mail of fire resistance (worn)
 P - the +3 hat of Pondering {ponderous, MR+ MP+10 Int+5}
   (You took it off Gastronok on level 10 of the Dungeon)

   It affects your intelligence (+5).
   It affects your resistance to hostile enchantments.
   It affects your magic capacity (+10).
 T - a +2 pair of boots (worn)
Jewellery
 e - an amulet of regeneration (around neck)
 p - a +4 ring of strength (left hand)
 t - a ring of flight (right hand)
 H - an uncursed ring of stealth {unknown}
 K - an uncursed amulet of rage {unknown}
 O - a cursed ring of attention {unknown}
Wands
 o - a wand of flame (2)
 q - a wand of random effects (52)
 A - a wand of paralysis (10)
 L - a wand of digging (4)
Scrolls
 g - 13 scrolls of remove curse
 k - a scroll of fog
 n - a scroll of teleportation
 u - a scroll of blinking
 x - 2 scrolls of identify
 y - a scroll of immolation {unknown}
 D - a scroll of magic mapping
 G - a scroll of enchant armour {unknown}
 I - a scroll of noise {unknown}
 J - a scroll of enchant weapon {unknown}
 Q - a scroll of vulnerability {unknown}
 R - a scroll of random uselessness {unknown}
Potions
 h - 2 potions of berserk rage {unknown}
 i - 2 potions of resistance
 l - 4 potions of lignification
 r - 2 potions of invisibility
 z - a potion of degeneration {unknown}
 B - a potion of brilliance {unknown}
 E - 3 potions of curing
 M - a potion of haste
 N - 2 potions of flight {unknown}
Comestibles
 f - 17 rations
 S - 2 chunks of flesh


   Skills:
 + Level 8.5 Fighting
 + Level 11.2 Long Blades
 + Level 8.6 Armour
 + Level 4.1 Dodging
 + Level 3.2 Stealth
 + Level 8.5 Shields
 + Level 3.0 Invocations
 + Level 0.4 Evocations


You had 11 spell levels left.
You didn't know any spells.
Your spell library contained the following spells:

 Spells                   Type           Power        Failure   Level  Hunger
 Animate Skeleton         Necr           N/A          99%         1    ##.....
 Apportation              Tloc           #.....       99%         1    ##.....
 Confusing Touch          Hex            #.....       99%         1    ##.....
 Corona                   Hex            #......      99%         1    ##.....
 Summon Small Mammal      Summ           #...         99%         1    ##.....
 Ensorcelled Hibernation  Hex/Ice        #.....       100%        2    ###....
 Poisonous Vapours        Pois/Air       #.....       100%        2    ###....
 Confuse                  Hex            #.......     100%        3    ####...
 Conjure Flame            Conj/Fire      #.......     100%        3    ####...
 Dazzling Spray           Conj/Hex       #.....       100%        3    ####...
 Mephitic Cloud           Conj/Pois/Air  #.......     100%        3    ####...
 Tukima's Dance           Hex            #.......     100%        3    ####...
 Freezing Cloud           Conj/Ice/Air   #.........   100%        6    #######
 Ring of Flames           Chrm/Fire      #.........   100%        7    #######


Dungeon Overview and Level Annotations

Branches:
Dungeon (11/15)            Temple (1/1) D:4            Lair (3/6) D:8
  Snake (0/4) Lair:3          Orc (0/2) D:9         Gauntlet (1/1)
  Swamp: Lair:2-4    Shoals: Lair:2-4

Altars:
Ashenzari
Cheibriados
Dithmenos
Elyvilon
Gozag
Hepliaklqana
Kikubaaqudgha
Makhleb
Okawaru
Qazlal
Ru
Trog
Uskayaw
Vehumet
Xom
Yredelemnul
Zin
The Shining One
Beogh

Shops:
D:4 :   D:8 *

Annotations:
D:7 3 runed translucent doors, lysyklops's ghost, novice GrFi
D:8 3 runed translucent doors, Mryle's ghost, novice SpEn Gauntlet 11 transporters, 1 runed translucent door, exclusion: lightning spire


Innate Abilities, Weirdness & Mutations

You have a pair of small horns on your head.
You are completely covered in molten scales. (AC +4, rF+)
A weak demonic guardian rushes to your aid.
When hurt, damage is shared between your health and your magic reserves.
You regenerate magic rapidly.


Message History

You block the seven-headed hydra's attack.
The seven-headed hydra bites you but does no damage.
The torpor snail bites you but does no damage.
You slash the torpor snail!
The torpor snail is almost dead.
You block the seven-headed hydra's attack. x3
The seven-headed hydra barely misses you.
The seven-headed hydra closely misses you.
The seven-headed hydra completely misses you.
You block the seven-headed hydra's attack.
Your iron imp barely misses the seven-headed hydra.
The torpor snail bites you.
* * * LOW HITPOINT WARNING * * *
You hit the torpor snail. You headbutt the torpor snail.
The torpor snail is almost dead.
The seven-headed hydra bites you but does no damage.
The seven-headed hydra misses you.
The seven-headed hydra bites you but does no damage.
The seven-headed hydra bites you!
You die...

##...#.......^.#...#######
#≈...###########..........
##.....................8..
##.8.....8.....8.........
#§...............########
##...#########...#.......
#§...#.5.©##:#...#.#.##.#
##...##5D##[?#####......#
#§...###@#.^.#...#..##.##
##.8©#.##w##©#©8©#..#.©#.
#≈...#.^.#.###...#.##.##.
##...#..##^.######.#..#..
#§...#.##....#...#h#h##○#
##...#########...#REEh○..
#≈...............########
##.8.....8.....8.........
#≈...........§........8..


You could see a seven-headed hydra, a torpor snail, a friendly iron imp and a
friendly white imp.

Vanquished Creatures
  Gastronok (D:10)
  Josephine (D:10)
  Erolcha (D:10)
  A hydra (Lair:2)
  Harold (D:8)
  Sonja (D:10)
  A cyclops (D:10)
  3 centaur zombies
  A gargoyle (D:9)
  3 spiny frogs
  2 komodo dragons (Lair:1)
  A troll (D:5)
  3 hippogriffs
  5 wraiths
  10 yaks
  A steam dragon (D:7)
  Duvessa (D:5)
  3 water moccasins (Lair:2)
  4 porcupines
  2 ice beasts
  8 orc warriors
  An eye of draining (D:10)
  A phantom (D:7)
  A necrophage (D:9)
  4 sky beasts
  3 ogres
  4 wolves (Lair:1)
  3 centaurs
  5 crocodiles
  Blork the orc (D:4)
  A big kobold (D:7)
  4 bullfrogs
  Dowan (D:5)
  A wyvern skeleton (D:5)
  3 scorpions
  4 wights (D:6)
  11 killer bees
  2 howler monkeys (D:5)
  2 crimson imps
  2 hounds
  2 centaur skeletons
  4 orc priests
  3 bullfrog skeletons
  2 jellies
  10 orc wizards
  2 iguanas
  6 worker ants
  A hound zombie (D:4)
  A hound skeleton (D:7)
  A worker ant zombie (D:6)
  9 gnolls
  6 adders
  3 shadow imps
  A worm (D:2)
  A dart slug (D:3)
  9 leopard geckos
  53 orcs
  8 bats
  9 giant cockroaches
  6 goblins
  5 hobgoblins
  4 jackals
  10 kobolds
  A quokka (D:5)
  2 ball pythons (D:1)
  3 frilled lizards
  A jackal skeleton (D:5)
  6 rats
277 creatures vanquished.

Vanquished Creatures (collateral kills)
  A two-headed ogre (D:10)
  Psyche (D:8)
  A yak (D:8)
  Edmund (D:5)
  A water moccasin (Lair:2)
  A phantom (D:6)
  A sky beast (D:8)
  2 ogres (D:4)
  A bullfrog (D:6)
  A wight (D:6)
  3 howler monkeys (D:7)
  A crimson imp (D:9)
  A hound (D:9)
  2 orc wizards (D:4)
  A hound skeleton (D:6)
  An adder (D:9)
  2 gnolls (D:9)
  A worm (D:6)
  3 orcs
  A giant cockroach (D:6)
  A jackal (D:6)
  A ball python (D:5)
29 creatures vanquished.

Vanquished Creatures (others)
  A fungus (Lair:1)
1 creature vanquished.

Grand Total: 307 creatures vanquished

Notes
Turn   | Place    | Note
-------+----------+-------------------------------------------
     0 | D:1      | Peloso the Demonspawn Fighter began the quest for the Orb.
     0 | D:1      | Reached XP level 1. HP: 18/18 MP: 1/1
   110 | D:1      | Gained mutation: You are partially covered in molten
                  | scales. (AC +2) [demonic ancestry]
   110 | D:1      | Reached XP level 2. HP: 22/24 MP: 2/2
   282 | D:1      | Reached skill level 2 in Long Blades
   291 | D:1      | Gained mutation: A weak demonic guardian rushes to your
                  | aid. [demonic ancestry]
   291 | D:1      | Reached XP level 3. HP: 15/29 MP: 3/3
   655 | D:2      | Gained mutation: You are mostly covered in molten scales.
                  | (AC +3) [demonic ancestry]
   655 | D:2      | Reached XP level 4. HP: 31/35 MP: 4/4
   669 | D:2      | Reached skill level 1 in Dodging
   891 | D:2      | Found a shadowy altar of Dithmenos.
   902 | D:2      | Found an opulent altar of Gozag.
   927 | D:2      | Found a shimmering altar of Xom.
   927 | D:2      | Found a shimmering altar of Xom.
   928 | D:2      | Found a shimmering altar of Xom.
   928 | D:2      | Noticed a sky beast
   932 | D:2      | Found a shimmering altar of Xom.
   940 | D:2      | Found a shimmering altar of Xom.
   959 | D:2      | Killed a sky beast
   959 | D:2      | Reached skill level 3 in Long Blades
   959 | D:2      | Reached XP level 5. HP: 14/41 MP: 5/5
  2360 | D:4      | Reached XP level 6. HP: 47/47 MP: 6/6
  2395 | D:4      | Found a staircase to the Ecumenical Temple.
  2406 | Temple   | Entered the Ecumenical Temple
  2513 | Temple   | Became a worshipper of Warmaster Okawaru
  2648 | D:4      | Reached skill level 4 in Long Blades
  2742 | D:4      | Noticed Blork the orc
  2763 | D:4      | HP: 1/48 [something/puff of flame (11)]
  2771 | D:4      | Found Gexe's Book Emporium.
  2779 | D:4      | HP: 2/48 [something (2)]
  2780 | D:4      | Killed Blork the orc
  2894 | D:4      | Gained mutation: When hurt, damage is shared between your
                  | health and your magic reserves. [demonic ancestry]
  2894 | D:4      | Reached XP level 7. HP: 30/53 MP: 7/7
  3015 | D:4      | Found a glowing golden altar of the Shining One.
  3306 | D:5      | Entered Level 5 of the Dungeon
  3336 | D:5      | Reached * piety under Okawaru
  3404 | D:5      | Noticed Edmund
  3420 | D:5      | Killed Edmund
  3488 | D:5      | Reached skill level 5 in Long Blades
  3639 | D:5      | Noticed Duvessa
  3668 | D:5      | Killed Duvessa
  3714 | D:5      | Noticed a troll
  3903 | D:6      | Gained mutation: You are completely covered in molten
                  | scales. (AC +4, rF+) [demonic ancestry]
  3903 | D:6      | Reached XP level 8. HP: 30/61 MP: 2/8
  4096 | D:6      | Reached ** piety under Okawaru
  4187 | D:6      | Reached skill level 6 in Long Blades
  4187 | D:6      | Reached skill level 5 in Armour
  4808 | D:7      | Reached skill level 5 in Shields
  5190 | D:7      | Reached skill level 5 in Fighting
  5398 | D:7      | Found a shimmering altar of Xom.
  5416 | D:7      | Noticed a troll
  5416 | D:7      | Noticed lysyklops's ghost (novice GrFi)
  5423 | D:7      | Found a runed translucent gate.
  5423 | D:7      | Found a runed translucent gate.
  5423 | D:7      | Found a runed translucent gate.
  5441 | D:7      | Reached *** piety under Okawaru
  5441 | D:7      | Reached skill level 7 in Long Blades
  5441 | D:7      | Gained mutation: You regenerate magic rapidly. [demonic
                  | ancestry]
  5441 | D:7      | Reached XP level 9. HP: 53/68 MP: 5/9
  6294 | D:8      | Received a gift from Okawaru
  6462 | D:8      | Found a staircase to the Lair.
  6470 | D:8      | Noticed Psyche
  6475 | D:8      | Paralysed by Psyche for 5 turns
  6478 | D:8      | Found a runed translucent gate.
  6478 | D:8      | Found a runed translucent gate.
  6478 | D:8      | Found a runed translucent gate.
  6479 | D:8      | Identified the +9 broad axe of Immorality {chop, *Corrode
                  | +Rage rElec}
  6479 | D:8      | Noticed Mryle's ghost (novice SpEn)
  6567 | D:8      | Got a scorched long sword
  6568 | D:8      | Identified the cursed +1 long sword of Daess {antimagic,
                  | Stlth+} (You found it on level 8 of the Dungeon)
  6699 | D:8      | Noticed Harold
  6728 | D:8      | Killed Harold
  6728 | D:8      | Reached skill level 8 in Long Blades
  6728 | D:8      | Reached skill level 1 in Stealth
  6728 | D:8      | Reached skill level 1 in Invocations
  6740 | D:8      | Paralysed by Psyche for 6 turns
  6754 | D:8      | Killed Psyche
  6828 | D:8      | Found Yklaem Aroh's Assorted Antiques.
  7007 | D:8      | Reached **** piety under Okawaru
  7043 | D:8      | Reached XP level 10. HP: 39/76 MP: 1/11
  7235 | D:8      | Found a roughly hewn altar of Beogh.
  7315 | D:9      | Found a glowing golden altar of the Shining One.
  7662 | D:9      | Found a staircase to the Orcish Mines.
  7733 | D:9      | Reached skill level 9 in Long Blades
  7833 | D:9      | Reached ***** piety under Okawaru
  8464 | D:5      | Noticed Dowan
  8469 | D:5      | Killed Dowan
  9037 | D:10     | Entered Level 10 of the Dungeon
  9042 | D:10     | Noticed a gargoyle
  9044 | D:10     | Noticed Erolcha
  9056 | D:9      | Killed a gargoyle
  9067 | D:10     | Paralysed by Erolcha for 2 turns
  9079 | D:10     | Killed Erolcha
  9120 | D:10     | Noticed Josephine
  9185 | D:9      | Reached XP level 11. HP: 66/84 MP: 2/12
  9421 | D:10     | Killed Josephine
  9421 | D:10     | Reached skill level 10 in Long Blades
  9533 | D:10     | Noticed Gastronok
  9563 | D:10     | Killed Gastronok
  9876 | D:10     | Noticed a two-headed ogre
  9887 | D:10     | Killed a two-headed ogre
  9887 | D:10     | Received a gift from Okawaru
 10043 | D:10     | Noticed Sonja
 10050 | D:10     | Killed Sonja
 10319 | D:10     | Found a shadowy altar of Dithmenos.
 10460 | D:11     | Noticed an eight-headed hydra
 10559 | Lair:1   | Entered Level 1 of the Lair of Beasts
 11767 | Lair:2   | Reached skill level 11 in Long Blades
 11782 | Lair:2   | Received a gift from Okawaru
 11796 | Lair:2   | Gained mutation: You have a pair of small horns on your
                  | head. [demonic ancestry]
 11796 | Lair:2   | Reached XP level 12. HP: 54/92 MP: 4/14
 11995 | Lair:2   | Noticed a six-headed hydra
 12012 | Lair:2   | Killed a six-headed hydra
 12525 | Lair:3   | Found a gate leading to a gauntlet.
 12546 | Gauntlet | Entered a Gauntlet
 12546 | Gauntlet | Found a transporter.
 12549 | Gauntlet | Found a transporter.
 12552 | Gauntlet | Found a transporter.
 12553 | Gauntlet | Found a transporter.
 12556 | Gauntlet | Found a transporter.
 12557 | Gauntlet | Found a transporter.
 12568 | Gauntlet | Found a transporter.
 12570 | Gauntlet | Found a transporter.
 12577 | Gauntlet | Found a runed translucent door.
 12587 | Gauntlet | Found a transporter.
 12591 | Gauntlet | Found a transporter.
 12595 | Gauntlet | Found a transporter.
 12604 | Gauntlet | Found a transporter.
 12696 | Gauntlet | Noticed a four-headed hydra
 12739 | Gauntlet | Slain by a seven-headed hydra

Levels and vault maps discovered:
D:1:      lightli_arrival_windingriver, layout_rooms, minmay_cupped
D:2:      layout_loops_ring, xom_redecorated, grunt_temple_overflow_open
D:3:      layout_basic, first_ration
D:4:      layout_basic, minmay_temple_entry_ruins, serial_shops, shop,
          nicolae_tso_carved_into_rock, uniq_blork_the_orc
D:5:      layout_basic, minmay_holes, uniq_edmund, uniq_duvessa
D:6:      layout_loops_cross
D:7:      layout_basic, basic_altar, gammafunk_ghost_split,
          hangedman_abyss_or_decor_stagger
D:8:      layout_basic, dpeg_oklobed_lair, serial_shops, shop,
          biasface_ghost_orc_armoury, serial_glass, glass_columns_a,
          glass_columns_b, uniq_harold, uniq_psyche
D:9:      layout_rooms, old_standard_altar, orc_david_3, special_room
          [special_room_orc]
D:10:     layout_grid_maze, grunt_dithmenos_shadows, uniq_sonja, uniq_erolcha,
          uniq_josephine, uniq_gastronok
D:11:     layout_long_grid, gammafunk_ghost_hydra_chop
Temple:   dpeg_five_rooms_temple
Lair:1:   layout_loops_ring
Lair:2:   layout_regular_city
Lair:3:   layout_long_grid, dummy_snake_entry, gauntlet_entry_generic
Gauntlet: minmay_gauntlet_mixed_oops_all_seconds [minmay_gauntlet_arena_77_fan,
          gammafunk_gauntlet_arena_hedges, minmay_gauntlet_arena_77_museum,
          nicolae_gauntlet_arena_grate_2, minmay_gauntlet_arena_77_path,
          gammafunk_gauntlet_arena_crates, gauntlet_exit_green]

Skill      XL: |  1  2  3  4  5  6  7  8  9 10 11 |
---------------+----------------------------------+-----
Shields        | 3 4 5 6 7 8 |  8.5
Armour         | 3 4 5 6 7 8 |  8.6
Long Blades    | 2 3 4 5 7 8 9 11 | 11.2
Dodging        | 1 2 3 4 |  4.1
Fighting       | 4 5 7 8 |  8.5
Stealth        | 1 3 |  3.2
Invocations    | 1 2 3 |  3.0
Evocations     | |  0.4

Action                   |  1- 3 |  4- 6 |  7- 9 | 10-12 || total
-------------------------+-------+-------+-------+-------++-------
Melee: Long sword        |   119 |   226 |   525 |   689 ||  1559
       Headbutt          |       |       |       |    22 ||    22
Invok: Heroism           |       |       |    10 |    18 ||    28
Evoke: Wand              |       |       |       |    13 ||    13
  Use: Scroll            |     1 |       |     3 |     8 ||    12
       Potion            |       |     5 |       |     4 ||     9
 Stab: Distracted        |       |     1 |     2 |     5 ||     8
       Paralysed         |       |       |       |     2 ||     2
  Eat: Chunk             |       |     7 |    11 |    14 ||    32
       Ration            |       |       |     1 |     1 ||     2
Armor: Scale mail        |    87 |    97 |     6 |       ||   190
       Skin              |       |     4 |       |       ||     4
       Chain mail        |       |       |   110 |   314 ||   424
       Plate armour      |       |       |   164 |       ||   164
Dodge: Dodged            |    48 |    64 |   126 |   235 ||   473
Block: Shield            |    68 |   133 |   248 |   418 ||   867
       Rpst.: Long sword |    13 |    24 |    34 |    54 ||   125
